 Dungeon Crawl Stone Soup version 0.28-b1-70-g80dc712255 (webtiles) character file.

Game seed: 9379381747896766202

14 adizb the Grasshopper (level 2, 0/23 HPs)
             Began as a Naga Warper on Feb 3, 2022.
             Was a Follower of Hepliaklqana.
             Slain by a hobgoblin (1 damage)
             ... on level 1 of the Dungeon.
             The game lasted 00:03:32 (431 turns).

adizb the Grasshopper (Naga Warper)                  Turns: 431, Time: 00:03:32

Health: 0/23       AC:  2    Str: 13    XL:     2   Next: 41%
Magic:  5/5        EV:  9    Int: 13    God:    Hepliaklqana [*.....]
Gold:   33         SH:  0    Dex: 10    Spells: 5/5 levels left

rFire   . . .      SeeInvis +   a - +0 spear
rCold   . . .      Faith    .   (no shield)
rNeg    . . .      Spirit   .   b - +0 leather armour
rPois   +          Reflect  .   (no helmet)
rElec   .          Harm     .   (no cloak)
rCorr   .          Rampage  .   (no gloves)
Will    .....                   (no barding)
Stlth   +.........              (no amulet)
HPRegen 0.07/turn               f - ring of wizardry
MPRegen 0.09/turn               (no ring)

@: short of breath, very slow
A: reduced essence, AC +0, large, see invisible, deformed body, poison
resistance, slowness 2, spit poison 1, naga tail 1
a: Spit Poison, Renounce Religion, Recall Ancestor, Ancestor Identity


You were on level 1 of the Dungeon.
You worshipped Hepliaklqana.
Hepliaklqana was aware of your devotion.
You visited 1 branch of the dungeon, and saw 1 of its levels.

You collected 33 gold pieces.

Inventory:

Hand Weapons
 a - a +0 spear (weapon)
Missiles
 d - 4 boomerangs of dispersal (quivered)
 g - 3 boomerangs
Armour
 b - a +0 leather armour (worn)
Jewellery
 f - a ring of wizardry (left hand)
Scrolls
 c - a scroll of blinking
 h - a scroll of teleportation {unknown}
 i - a scroll of vulnerability {unknown}
 j - a scroll of immolation {unknown}
Potions
 e - 2 potions of curing {unknown}


   Skills:
 + Level 2.1 Fighting
 - Level 2.0(2.1) Polearms
 + Level 0.7(1.4) Staves
 + Level 1.1 Throwing
 + Level 1.0 Armour
 + Level 1.6 Dodging
 + Level 2.1 Spellcasting
 + Level 3.1 Translocations


You had 5 spell levels left.
You didn't know any spells.
Your spell library contained the following spells:

 Spells                   Type           Power      Damage    Failure   Level
 Blink                    Tloc           18%        N/A       6%          2
 Gell's Gravitas          Tloc           9%         N/A       11%         3
 Lesser Beckoning         Tloc           9%         N/A       11%         3
 Teleport Other           Tloc           9%         N/A       11%         3
 Manifold Assault         Tloc           9%         N/A       65%         5


Dungeon Overview and Level Annotations

Branches:
Dungeon (1/15)

Altars:
Hepliaklqana


Innate Abilities, Weirdness & Mutations

Your life essence is reduced to manifest your ancestor. (-10% HP)
Your serpentine skin is tough. (AC +0)
You have supernaturally acute eyesight. (SInv)
Armour fits poorly on your strangely shaped body.
Your system is resistant to poisons. (rPois)
You cover ground very slowly.
You can spit poison.
You have a snake-like lower body.


Message History

The kobold is severely wounded.
The kobold closely misses you.
You hit the kobold.
You kill the kobold!
Your Armour skill increases to level 1!
You see here a +0 short sword.
Found a dagger.
Found a scroll labelled ANTEM VEFIWAWA.
Found 23 stones and 5 gold pieces.
i - a scroll labelled SUAHER VADO
Found 8 bolts.
j - a scroll labelled ANTEM VEFIWAWA Nebetia emerges from the mists of memory!
You now have 33 gold pieces (gained 5).
A kobold comes into view. It is wielding a +0 short sword.
The kobold shouts!
You hear a shout!
Aiming: Spit Poison (2% risk of failure)
Press: ? - help, Shift-Dir - straight line, f - kobold
Aim: a kobold, wielding a +0 short sword (50% to hit)
The splash of poison misses the kobold.
The kobold hits you with a +0 short sword.
* * * LOW HITPOINT WARNING * * *
You hit the kobold.
You kill the kobold!
A hobgoblin comes into view.
The hobgoblin shouts!
Things that are here:
a +0 short sword; a kobold corpse You closely miss the hobgoblin.
Nebetia hits the hobgoblin but does no damage.
The hobgoblin hits you.
* * * LOW HITPOINT WARNING * * *
You hit the hobgoblin.
The hobgoblin is lightly wounded.
Nebetia closely misses the hobgoblin.
The hobgoblin hits you.
* * * LOW HITPOINT WARNING * * *
You hit the hobgoblin but do no damage.
The hobgoblin is lightly wounded.
Nebetia closely misses the hobgoblin.
The hobgoblin hits you.
You die...

#.... #.....
#.... #.....
#.... #.....
#.... ..... #....
#... #.... #...
#####
#...#############
#.#
#...@R..........#
#.#
###.g.........#.#
#.#
#.#.#######.#.#
#.. #.#.# #.#.#
#.# #.#.#
#.#.###.# #.#.#
#........ #.#.#
###.###.# #.#..
.... ..# ###
###.#####


You could see the friendly Nebetia the ancestor and a hobgoblin (ally target).

Vanquished Creatures
  2 goblins (D:1)
  3 hobgoblins (D:1)
  2 kobolds (D:1)
  A quokka (D:1)
  A ball python (D:1)
  A rat (D:1)
10 creatures vanquished.

Vanquished Creatures (collateral kills)
  A goblin (D:1)
1 creature vanquished.

Vanquished Creatures (others)
  An ancestor (D:1)
1 creature vanquished.

Grand Total: 12 creatures vanquished

Notes
Turn   | Place    | Note
-------+----------+-------------------------------------------
     0 | D:1      | adizb the Naga Warper began the quest for the Orb.
     0 | D:1      | Reached XP level 1. HP: 19/19 MP: 3/3
   169 | D:1      | Reached skill level 1 in Throwing
   250 | D:1      | Found a faded altar of an unknown god.
   270 | D:1      | Prayed at the altar of an unknown god.
   270 | D:1      | Became a worshipper of Hepliaklqana the Forgotten
   270 | D:1      | Reached * piety under Hepliaklqana
   296 | D:1      | Reached XP level 2. HP: 21/23 MP: 5/5
   359 | D:1      | HP: 1/23 [kobold (3)]
   364 | D:1      | Reached skill level 1 in Armour
   430 | D:1      | HP: 1/23 [hobgoblin (1)]
   431 | D:1      | Slain by a hobgoblin

Illustrated notes

Levels and vault maps discovered:
D:1:      dpeg_arrival_pits, layout_basic, hellmonk_ecumenical_altar_lost_god

Skill      XL: |  1  2 |
---------------+-------+-----
Throwing       | 1 |  1.1
Armour         | 1 |  1.0
Fighting       | |  2.1
Polearms       | |  2.0
Staves         | |  0.7
Dodging        | |  1.6
Spellcasting   | |  2.1
Translocations | |  3.1

Action                   || total
-------------------------++-------
Melee: Spear             ||    28
Throw: Boomerang         ||     1
 Abil: Spit Poison       ||     9
Armor: Leather armour    ||     4
Dodge: Dodged            ||     7
